 Dungeon Crawl Stone Soup version 0.26-a0-639-g72c4674329 (webtiles) character file.

Game seed: 4806542067889439658

133 ANON1729 the Sneak (level 5, -10/32 HPs)
             Began as a Kobold Brigand on Sept 15, 2020.
             Killed by divine providence
             ... invoked by an orc priest
              (12 damage)
             ... on level 3 of the Dungeon.
             The game lasted 00:03:55 (2555 turns).

ANON1729 the Sneak (Kobold Brigand)                 Turns: 2555, Time: 00:03:56

Health: -10/32     AC:  3    Str:  9    XL:     5   Next: 39%
Magic:  5/5        EV: 15    Int: 12    God:
Gold:   108        SH:  0    Dex: 17    Spells: 4/4 levels left

rFire    . . .     SeeInvis .   a - +2 dagger
rCold    . . .     Faith    .   (shield restricted)
rNeg     . . .     Spirit   .   b - +0 robe
rPois    .         Reflect  .   (no helmet)
rElec    .         Harm     .   c - +0 cloak
rCorr    .         Rampage  .   (no gloves)
MR       .....                  (no boots)
Stlth    ++++......             (no amulet)
HPRegen  0.10/turn              (no ring)
MPRegen  0.09/turn              (no ring)

@: no status effects
A: small, nightstalker 3
a: no special abilities


You were on level 3 of the Dungeon.
You visited 1 branch of the dungeon, and saw 3 of its levels.

You collected 108 gold pieces.

Inventory:

Hand Weapons
 a - a +2 dagger (weapon)
Missiles
 d - 40 poisoned darts
 e - 2 curare-tipped darts (quivered)
Armour
 b - a +0 robe (worn)
 c - a +0 cloak (worn)
Scrolls
 f - 2 scrolls of fear {unknown}
 g - 2 scrolls of remove curse {unknown}
 i - a scroll of amnesia {unknown}
 k - 3 scrolls of teleportation {unknown}
 m - a scroll of identify {unknown}
Potions
 h - a potion of lignification {unknown}
 j - a potion of curing
 l - a potion of stabbing {unknown}


   Skills:
 + Level 2.9 Fighting
 * Level 4.1 Short Blades
 + Level 3.0 Throwing
 + Level 2.5 Dodging
 * Level 6.4 Stealth


You had 4 spell levels left.
You didn't know any spells.
Your spell library was empty.

Dungeon Overview and Level Annotations

Branches:
Dungeon (3/15)

Altars:
Ashenzari
The Shining One


Innate Abilities, Weirdness & Mutations

You are small and have problems with some larger weapons.
You are completely attuned to the shadows.


Message History

Throwing (i - inventory)
d - 41 poisoned darts (quivered)
Press: ? - help, Shift-Dir - straight line, f - orc priest, p - orc
Aim: an orc priest (lightly wounded, poisoned)
You throw a poisoned dart. The poisoned dart hits the orc priest!
The orc priest looks even sicker.
The orc priest is lightly wounded.
The orc closely misses you. The orc priest misses you.
You see here a stone.
You kill the orc!
The orc priest barely misses you.
You see here a stone.
The orc priest calls down the wrath of Beogh upon you.
Beogh smites you!
* * * LOW HITPOINT WARNING * * *
You see here 2 curare-tipped darts.
e - 2 curare-tipped darts The orc priest invokes the aid of Beogh against you.
Beogh smites you!
You die...

#.#..o#...........#.#
.(###.#.......#.#.#.#
.....#.........#....#
...(.#⌠.##+##.⌠.....##
####(#.##...####.....#
#.o......#........#
###..#...#........#
##.##.##(........
#.((..)(o.@...#.
#######.......#
#........ ###......
.######†..♣.♣
........♣♣..
.........♣ ♣♣
#.....†.♣.♣
#.......♣♣♣


You could see an orc priest (very poisoned).

Vanquished Creatures
  A hound (D:2)
  3 adders
  A gnoll (D:1)
  3 worms (D:2)
  2 dart slugs
  4 orcs (D:3)
  7 bats
  4 giant cockroaches
  3 hobgoblins
  3 jackals (D:2)
  8 kobolds
  2 ball pythons
  4 frilled lizards
  7 rats
52 creatures vanquished.

Vanquished Creatures (others)
  A plant (D:2)
1 creature vanquished.

Grand Total: 53 creatures vanquished

Notes
Turn   | Place    | Note
-------+----------+-------------------------------------------
     0 | D:1      | ANON1729 the Kobold Brigand began the quest for the Orb.
     0 | D:1      | Reached XP level 1. HP: 12/12 MP: 1/1
   166 | D:1      | Reached XP level 2. HP: 8/18 MP: 2/2
   909 | D:1      | Reached XP level 3. HP: 22/22 MP: 3/3
  1498 | D:2      | Reached skill level 6 in Stealth
  1498 | D:2      | Reached XP level 4. HP: 27/27 MP: 4/4
  1505 | D:2      | Found a glowing golden altar of the Shining One.
  1855 | D:2      | Reached XP level 5. HP: 32/32 MP: 5/5
  2464 | D:3      | Found a shattered altar of Ashenzari.
  2555 | D:3      | Killed from afar by an orc priest

Illustrated notes

Levels and vault maps discovered:
D:1:      psy_arrival_radial02, layout_basic
D:2:      layout_loops_corners, nicolae_tso_carved_into_rock, serial_forest,
          infiniplex_forest_straight_2, infiniplex_forest_straight_4,
          infiniplex_forest_clump_tiny, infiniplex_forest_straight_2,
          infiniplex_forest_split, infiniplex_forest_zigzag_1,
          infiniplex_forest_lined_corner
D:3:      layout_basic, evilmike_ruin_ashenzari,
          chequers_ecumenical_altar_grove, minmay_quadrilaterals

Skill      XL: |  1  2  3  4  5 |
---------------+----------------+-----
Short Blades   | 3 4 |  4.1
Dodging        | 2 |  2.5
Stealth        | 6 |  6.4
Throwing       | 3 |  3.0
Fighting       | |  2.9

Action                   |  1- 3 |  4- 6 || total
-------------------------+-------+-------++-------
Melee: Dagger            |    73 |    60 ||   133
Throw: Dart              |     3 |    12 ||    15
  Use: Potion            |       |     1 ||     1
 Stab: Sleeping          |    13 |     8 ||    21
       Distracted        |     2 |       ||     2
Armor: Robe              |    16 |     6 ||    22
Dodge: Dodged            |    36 |    39 ||    75

Table legend: (Time is in decaauts)
 A = Elapsed time spent in this place.
 B = Non-inter-level travel time spent in this place.
 C = Inter-level travel time spent in this place.
 D = Time resting spent in this place.
 E = Time spent auto-exploring this place.
 F = Levels seen in this place.
 G = Mean time per level.
                   A        B        C        D        E       F      G
               +--------+--------+--------+--------+--------+-----+--------+
         Total |   2534 |   2511 |     23 |    512 |   1678 |   3 |  844.7 |
       Dungeon |   2534 |   2511 |     23 |    512 |   1678 |   3 |  844.7 |
               +--------+--------+--------+--------+--------+-----+--------+

Top non-repeatable levels by time:
     D:2: 1338 daAuts
     D:1: 1086 daAuts
     D:3: 109 daAuts
